AoeStats
← GM.Matheus

Arabia

508356312Analyzed
3v3 RM · 10d ago on Sep 22, 2026· 20m 52s· 6 players
Game mode
Random Map
Map size
Normal (6 player)
Population
200
Speed
Normal
Resources
Standard
Victory
Conquest
Starting age
Dark Age
Ending age
Imperial Age
RankedLock teamsTeams togetherTeam positionsShared explorationLock speedFull tech treeHidden civsTurbo modeCheats
Victory
Defeat
🇧🇷 Franks · Brazil
995
+13
🇧🇷 Huns · Brazil
990
+13
🇧🇷 Muisca · Brazil
988
+13
🇨🇱 Magyars · Chile
941
-14
🇨🇱 Armenians · Chile
937
-13
🇨🇱 Bulgarians · Chile
904
-12
Rodrigo Da Silva
2:34 Loom
10:07 Feudal Age
15:20 Wheelbarrow
XezkitoDelFlow
1:37 Loom
11:48 Feudal Age
13:02 Arson
! benjA -
2:15 Loom
12:01 Feudal Age
12:30 Man-at-Arms
12:56 Arson
18:42 Pikeman
GM.Milinhox
7:03 Loom
9:26 Feudal Age
11:05 Double-Bit Axe
13:37 Fletching
19:51 Wheelbarrow
23:19 Castle Age
GM.Matheus
9:23 Feudal Age
7:39 Loom
20:27 Castle Age
18:45 Horse Collar
18:54 Double-Bit Axe
19:01 Gold Mining
19:59 Fletching
GAX | Tales
7:12 Loom
9:43 Feudal Age
10:11 Double-Bit Axe
17:53 Gold Mining
22:05 Castle Age
20:21 Scale Barding Armor
20:46 Forging
Connection lost

Rejoining the realm…

Still unreachable

The connection could not be restored.

Session expired

The server has moved on; the page needs a fresh start.